 Dungeon Crawl Stone Soup version 0.22.1-1-ga44c0e56f4 (webtiles) character file.

51 Gargoyl the Skirmisher (level 3, 0/31 HPs)
             Began as a Centaur Abyssal Knight on Oct 22, 2018.
             Was a Follower of Lugonu.
             Slain by a centaur (3 damage)
             ... on level 2 of the Dungeon.
             The game lasted 00:02:47 (1421 turns).

Gargoyl the Skirmisher (Centaur Abyssal Knight)     Turns: 1421, Time: 00:02:48

Health: 0/31       AC:  6    Str: 14    XL:     3   Next: 58%
Magic:  4/4        EV: 10    Int: 11    God:    Lugonu [*.....]
Gold:   133        SH:  0    Dex:  9    Spells: 2/2 levels left

rFire    . . .     SeeInvis .   d - +1 war axe (chop)
rCold    . . .     Gourm    .   (no shield)
rNeg     . . .     Faith    .   p - +0 ring mail
rPois    .         Spirit   .   (no helmet)
rElec    .         Reflect  .   (no cloak)
rCorr    .         Harm     .   (no gloves)
MR       .....                  (no barding)
Stlth    ..........             (no amulet)
HPRegen  0.10/turn              j - +2 ring of evasion
MPRegen  0.09/turn              (no ring)

@: very quick
A: large, hooves 3, deformed body, speed 2, tough skin 3
a: Depart the Abyss, Renounce Religion


You were on level 2 of the Dungeon.
You worshipped Lugonu.
Lugonu was aware of your devotion.
You were hungry.

You visited 1 branch of the dungeon, and saw 2 of its levels.
You visited the Abyss 1 time.

You collected 133 gold pieces.

Inventory:

Hand Weapons
 a - a +1 hand axe
 d - a +1 war axe of chopping (weapon)
Armour
 p - a +0 ring mail (worn)
Jewellery
 j - a +2 ring of evasion (left hand)
Scrolls
 e - 2 scrolls of vulnerability
 g - 3 scrolls of remove curse {unknown}
 i - 2 scrolls of identify {unknown}
 l - a scroll of amnesia {unknown}
 m - 3 scrolls of blinking {unknown}
 n - a scroll of enchant armour
 r - a scroll of teleportation {unknown}
Potions
 f - a potion of lignification
Comestibles
 c - 2 rations


   Skills:
 + Level 3.2 Fighting
 + Level 2.2 Axes
 * Level 2.2 Armour
 + Level 0.6 Dodging
 * Level 2.4 Invocations


You had 2 spell levels left.
You didn't know any spells.
Your spell library contained the following spells:

 Spells                   Type           Power        Failure   Level  Hunger
 Flame Tongue             Conj/Fire      #....        56%         1    ##.....
 Cause Fear               Hex            #.........   100%        4    #####..
 Silence                  Hex/Air        #.........   100%        5    ######.
 Yara's Violent Unravell  Hex/Tmut       #.........   100%        5    ######.
 Bolt of Fire             Conj/Fire      #.........   100%        6    #######
 Deflect Missiles         Chrm/Air       #.........   100%        6    #######
 Dragon Form              Tmut           #.........   100%        7    #######
 Discord                  Hex            #.........   100%        8    #######
 Dragon's Call            Summ           #.........   100%        9    #######


Dungeon Overview and Level Annotations

Branches:
Dungeon (2/15)

Altars:


Innate Abilities, Weirdness & Mutations

You have hooves in place of feet.
Armour fits poorly on your strangely shaped body.
You cover ground very quickly.
You have extremely tough skin. (AC +3)


Message History

The centaur hits you but does no damage.
The adder closely misses you. The frilled lizard barely misses you.
The centaur closely misses you. The adder bites you but does no damage.
Unknown command.
You hit the centaur. Your kick misses the centaur.
The centaur is severely wounded.
You closely miss the adder. You miss the frilled lizard.
The centaur barely misses you. The frilled lizard barely misses you.
The adder bites you.
* * * LOW HITPOINT WARNING * * *
The centaur barely misses you. The frilled lizard barely misses you.
The adder closely misses you.
You hit the centaur but do no damage.
The centaur is severely wounded.
You hit the frilled lizard.
You kill the frilled lizard!
Lugonu accepts your kill.
You closely miss the adder. The centaur barely misses you.
The adder barely misses you. The centaur hits you.
You die...

#....... #. . ###.....
#. ..# #...... .#..##
........ ..#.#.
........ #..g. ......#.
#.#.# #..#. #c#.# #....
#@.g## ##....
######S..########.....
........(..............
.######.#?..###....#...
#.#(..##..####...
#.....##.## ###.
##....#.)#######.
#####.####..........
#..........#########


You could see a centaur, an adder and a hobgoblin.

Vanquished Creatures
  A worker ant (D:2)
  2 dart slugs
  A leopard gecko (D:2)
  A giant cockroach (D:2)
  2 hobgoblins (D:2)
  4 kobolds
  4 bats
  3 frilled lizards
  5 goblins
  4 rats
27 creatures vanquished.

Notes
Turn   | Place    | Note
-------+----------+-------------------------------------------
     0 | Abyss:1  | Gargoyl the Centaur Abyssal Knight began the quest for the
                  | Orb.
     0 | Abyss:1  | Reached XP level 1. HP: 19/19 MP: 2/2
    98 | Abyss:2  | Found a shimmering altar of Xom.
   103 | Abyss:2  | Found a shimmering altar of Xom.
   103 | Abyss:2  | Found a shimmering altar of Xom.
   103 | Abyss:2  | Found a shimmering altar of Xom.
   103 | Abyss:2  | Found a shimmering altar of Xom.
   103 | Abyss:2  | Found a shimmering altar of Xom.
   103 | Abyss:2  | Found a corrupted altar of Lugonu.
   103 | Abyss:2  | Found a shimmering altar of Xom.
   103 | Abyss:2  | Found a shimmering altar of Xom.
   103 | Abyss:2  | Found a shimmering altar of Xom.
   104 | Abyss:2  | Found a shimmering altar of Xom.
   104 | Abyss:2  | Found a shimmering altar of Xom.
   104 | Abyss:2  | Found a shimmering altar of Xom.
   104 | Abyss:2  | Found a shimmering altar of Xom.
   104 | Abyss:2  | Found a shimmering altar of Xom.
   104 | Abyss:2  | Found a shimmering altar of Xom.
   137 | Abyss:2  | Noticed a naga
   138 | Abyss:2  | Noticed a naga
   138 | Abyss:2  | Noticed a naga warrior
   139 | Abyss:2  | Noticed a guardian serpent
   170 | Abyss:2  | Noticed an eye of draining
   172 | Abyss:2  | Noticed a thrashing horror
   175 | D:1      | Escaped the Abyss
   543 | D:1      | Reached XP level 2. HP: 25/26 MP: 3/3
  1018 | D:2      | Reached * piety under Lugonu
  1027 | D:2      | Reached XP level 3. HP: 20/31 MP: 4/4
  1406 | D:2      | Noticed a centaur
  1416 | D:2      | HP: 1/31 [centaur (3)]
  1421 | D:2      | Slain by a centaur

Skill      XL: |  1  2 |
---------------+-------+-----
Armour         | 2 |  2.2
Axes           | 2 |  2.2
Fighting       | |  3.2
Dodging        | |  0.6
Invocations    | |  2.4

Action                   || total
-------------------------++-------
Melee: War axe           ||    59
       Kick              ||    13
Invok: Depart the Abyss  ||     1
  Use: Scroll            ||     2
       Potion            ||     7
Armor: Leather armour    ||    14
       Ring mail         ||    16
       Skin              ||    12
Dodge: Dodged            ||    60
